Unix NetHack Version 5.0.0-0 post-release - last build May  3 2026 23:40:34 (9823c992c0763bbd039eca2974112f46eaf799b3,branch:main).

Game began 2026-05-04 19:13:21, ended 2026-05-04 21:03:35.

BeardyHaddock, chaotic male elven Wizard

                ---------------
                |.............|                          -----
    -------     |.............|                          |%...
    |.._..-#    |.............-###`             ##       |*<.|
    |..%..|#####-----|---------#           ------########....|
    -------#   ############d@%##           |..^.-#       -----
           ##     ####        ##         ##-....|##
            #  ####           #          # |..>.|
            # -.----          #          # ------
            # |....|        ###          #
            ##|....|        #---------   #
             #|....|        #-.......|  ##
             #|....|         |.......|  #
             #.....|         |.......|###
              |....|         |.......|#
              ------         |{.......#
                             |.......|
                             ---------

BeardyHaddock the Thaumaturge  St:13 Dx:13 Co:14 In:20 Wi:14 Ch:9  Chaotic
Dlvl:11 $:958 HP:0(58) Pw:33(85) AC:4  Xp:8 T:7884  Overtaxed

Latest messages:
 The spell hits the Kop Kaptain!
 The Kop Kaptain hits!
 In what direction? 6
 The spell hits the Kop Kaptain!
 You kill the Kop Kaptain!
 In what direction? .
 You feel better.
 You hear someone praising Anhur.
 The door opens.
 With great effort you move the boulder.
 You try to move the boulder, but in vain.
 You try to move the boulder, but in vain.
 You try to move the boulder, but in vain.
 You try to move the boulder, but in vain.
 In what direction? 6
 The spell hits the Kop Kaptain!
 In what direction? 6
 The spell hits the Kop Kaptain!
 You kill the Kop Kaptain!
 You see here a Kop Kaptain corpse.
 You have extreme difficulty lifting a Kop Kaptain corpse.  Continue? [ynq] (q) y
 You have extreme difficulty lifting V - a Kop Kaptain corpse.
 You can barely move a handspan with this load!
 The newt bites!
 The newt misses!
 The newt bites!
 The newt bites!
 The newt just misses!
 The newt misses!
 The newt misses!
 The newt bites!
 The newt bites!
 The blast of frost hits you!
 The newt misses!
 The blast of frost hits you!
 The blast of frost hits you!
 The newt is killed by the blast of frost!
 The blast of frost hits you!
 Your potion of fruit juice freezes and shatters!
 The blast of frost whizzes by you!
 You don't have enough stamina to move.
 Your concentration falters while carrying so much stuff.
 The winter wolf bites!
 The winter wolf bites!
 You die...
 Do you want your possessions identified? [ynq] (y) n
 Do you want to see your attributes? [ynq] (y) n
 Do you want an account of creatures vanquished? [ynaq] (y) n
 Do you want to see your conduct and achievements? [ynq] (y) n
 Do you want to see the dungeon overview? [ynq] (y) n

Inventory:
 Coins    ('$')
  $ - 958 gold pieces
 Amulets  ('"')
  J - an uncursed amulet of guarding (being worn)
  N - an uncursed amulet versus poison
 Weapons  (')')
  a - a blessed +2 quarterstaff (weapon in hands)
 Armor    ('[')
  b - an uncursed +0 cloak of magic resistance (being worn)
  k - an uncursed +0 studded leather armor (being worn)
 Comestibles  ('%')
  q - 2 uncursed food rations
  u - 2 uncursed tripe rations
  V - an uncursed Kop Kaptain corpse
 Scrolls  ('?')
  j - 2 uncursed scrolls of amnesia
  T - an uncursed scroll of create monster
  w - a blessed scroll of enchant armor
  y - 3 uncursed scrolls of light
  C - a cursed scroll of light
  O - 2 uncursed scrolls of remove curse
  i - 2 uncursed scrolls of teleportation
 Spellbooks  ('+')
  B - an uncursed spellbook of detect treasure
 Rings    ('=')
  d - an uncursed ring of invisibility
  n - an uncursed +1 ring of protection
  e - an uncursed ring of shock resistance
 Wands    ('/')
  D - a wand of cancellation (0:4)
  p - a wand of cancellation (0:3)
  c - a wand of digging (0:2)
  m - a wand of opening (0:5)
  o - a wand of opening (0:5)
  K - a wand of striking (0:8)
  S - a wand of striking (0:6)
  l - a wand of undead turning (0:6)
 Tools    ('(')
  G - a bag of tricks (0:19)
  z - an uncursed blindfold
  F - a cursed magic marker (0:31)
  M - a +0 unicorn horn
 Gems/Stones  ('*')
  E - an uncursed amethyst stone
  x - an uncursed chrysoberyl stone
  Q - 2 uncursed jasper stones
  P - an uncursed worthless piece of black glass
  r - an uncursed worthless piece of blue glass
  s - an uncursed worthless piece of red glass
  R - an uncursed worthless piece of violet glass
  L - an uncursed worthless piece of yellowish brown glass
  H - an uncursed luckstone

BeardyHaddock the Wizard's attributes:

Background:
 You were a Thaumaturge, a level 8 male elven Wizard.
 You were chaotic, on a mission for Anhur
 who was opposed by Ptah (lawful) and Thoth (neutral).
 You were right-handed.
 You were in the Dungeons of Doom, on level 11.
 You entered the dungeon 7884 turns ago.
 There was a full moon in effect when your adventure ended.
 You had 2076 experience points, 484 more were needed to attain level 9.

Basics:
 You had 0 out of 58 hit points.
 You had 33 out of 85 energy points (spell power).
 Your armor class was 4.
 Your wallet contained 958 zorkmids.
 Autopickup was off.

Final Characteristics:
 Your strength was 13 (limit:18).
 Your dexterity was 13 (peak:14, limit:18).
 Your constitution was 14 (limit:16).
 Your intelligence was 20 (limit:20).
 Your wisdom was 14 (limit:20).
 Your charisma was 9 (limit:18).

Final Status:
 You weren't hungry.
 You were overtaxed; movement was extremely slowed.
 You were wielding a quarterstaff.
 You were skilled in quarterstaff.

Final Attributes:
 You were piously aligned.
 You were magic-protected.
 You were sleep resistant.
 You saw invisible.
 You had infravision.
 You had a small defense bonus (+2).
 You were protected.
 You were very lucky.
 You had extra luck.
 Bad luck did not time out for you.
 Good luck did not time out for you.
 You are dead.

Miscellaneous:
 You encountered 1 bones level.
 Total elapsed playing time was 1 hour, 50 minutes and 14 seconds.

Major events:
 Turn
    1: BeardyHaddock the chaotic male elven Wizard entered the dungeon
  825: attained the rank of Conjurer (level 3)
 1974: attained the rank of Thaumaturge (level 6)
 3433: entered the Gnomish Mines
 7884: killed by a winter wolf

Spells:
 Name                 Level Category     Fail Retention
 force bolt             1   attack         0%   61%-65%
 remove curse           3   clerical      54%   51%-75%
 chain lightning        2   attack         0%   61%-65%
 healing                1   healing        0%   51%-75%
 knock                  1   matter         0%   51%-75%
 detect unseen          3   divination    54%   51%-75%
 teleport away          6   escape        98%   51%-75%
 create familiar        6   clerical      98%   51%-75%
 dig                    5   matter        98%   51%-75%
 turn undead            6   clerical      98%   51%-75%
 extra healing          3   healing       54%  76%-100%
 detect treasure        4   divination    84%  76%-100%

Skills:
 Fighting Skills
   bare handed combat [Unskilled]
   riding             [Unskilled]
 Weapon Skills
   dagger             [Unskilled]
   knife              [Unskilled]
   axe                [Unskilled]
   short sword        [Unskilled]
   club               [Unskilled]
   mace               [Unskilled]
   quarterstaff       [Skilled]
   polearms           [Unskilled]
   spear              [Unskilled]
   trident            [Unskilled]
   sling              [Unskilled]
   dart               [Unskilled]
   shuriken           [Unskilled]
 Spellcasting Skills
   attack spells      [Skilled]
   healing spells     [Unskilled]
   divination spells  [Unskilled]
   enchantment spells [Basic]
   clerical spells    [Unskilled]
   escape spells      [Unskilled]
   matter spells      [Unskilled]

Voluntary challenges:
 Character rerolling was not enabled.
 You never genocided any monsters.
 You never polymorphed an object.
 You never changed form.
 You used no wishes.
Achievements:
 You attained the rank of Conjurer.
 You attained the rank of Thaumaturge.
 You entered a shop.
 You entered the Gnomish Mines.
 You entered a temple.

 The Dungeons of Doom: levels 1 to 11
    Level 1:
       A fountain.
    Level 2:
       Some fountains.
    Level 3:
       A fountain.
       Stairs down to The Gnomish Mines.
    Level 4:
       A general store.
    Level 5:
    Level 6:
    Level 7:
       Many fountains.
       Final resting place for
          haexwise-Arc-Hum-Mal-Neu, killed by a red naga hatchling.
    Level 8:
       Some fountains.
    Level 9:
    Level 10:
       An altar to Anhur, some fountains.
    Level 11: <- You were here.
       A temple and an altar to Anhur, a fountain.
       Final resting place for
          you, killed by a winter wolf.
 The Gnomish Mines:
    Level 4:


Vanquished creatures:
  a ghost
  3 large mimics
  6 small mimics
  a large cat
  2 tengu
  a python
  a chameleon
  a cockatrice
  a winter wolf cub
  2 leprechauns
 an orc-captain
 an iron piercer
  a horse
  a gnome ruler
 an owlbear
  2 yetis
  a jaguar
  2 dwarf leaders
  2 white unicorns
  3 Kop Kaptains
  a gnome mummy
 an ape
  a fire ant
  a wood nymph
  a water nymph
 an orc shaman
  a rock piercer
  a pony
  a yellow light
  a shrieker
  2 gnome leaders
  a gnomish wizard
  a red naga hatchling
  2 gray oozes
  a ghoul
  2 paper golems
  a giant ant
  2 little dogs
  2 floating eyes
  4 kittens
  3 dwarves
  a homunculus
  2 kobold leaders
  7 hill orcs
  5 rothes
  2 centipedes
  2 giant bats
  3 iguanas
  2 killer bees
 an acid blob
  3 coyotes
  4 hobbits
  6 giant rats
  3 cave spiders
  2 brown molds
  2 yellow molds
  a green mold
  6 gnomes
  a gnome zombie
  3 geckos
  a jackal
  2 foxes
  3 goblins
  a sewer rat
 10 grid bugs
  6 bats
  4 lichens
  2 kobold zombies
 12 newts
162 creatures vanquished.

No species were genocided or became extinct.

Game over:
                       ----------
                      /          \
                     /    REST    \
                    /      IN      \
                   /     PEACE      \
                  /                  \
                  |  BeardyHaddock   |
                  |      958 Au      |
                  |   killed by a    |
                  |   winter wolf    |
                  |                  |
                  |                  |
                  |       2026       |
                 *|     *  *  *      | *
        _________)/\\_//(\/(/\)/\//\/|_)_______

Goodbye BeardyHaddock the Wizard...

You died in The Dungeons of Doom on dungeon level 11 with 9717 points,
and 958 pieces of gold, after 7884 moves.
You were level 8 with a maximum of 58 hit points when you died.

